 Dungeon Crawl Stone Soup version 0.31-a0-1576-ga3383bade6 (webtiles) character file.

Game seed: 8615483061702264687

77 lunkers the Cutter (level 4, -1/23 HPs)
             Began as a Vine Stalker Fighter on Jan 4, 2024.
             Slain by a gnoll
             ... wielding a +0 spear
              (5 damage)
             ... on level 3 of the Dungeon.
             The game lasted 00:01:36 (1328 turns).

lunkers the Cutter (Vine Stalker Fighter)           Turns: 1328, Time: 00:01:37

Health: -1/23      AC:  6    Str: 19    XL:     4   Next: 34%
Magic:  0/5        EV:  9    Int:  8    God:
Gold:   202        SH:  5    Dex: 15    Spells: 3/3 levels left

rFire   . . .        a - +0 rapier
rCold   . . .        c - +0 buckler
rNeg    . . .        b - +0 scale mail
rPois   .            (no helmet)
rElec   .            (no cloak)
rCorr   .            (no gloves)
SInv    .            (no boots)
Will    +....        (no amulet) Stlth
                     h - ring of willpower
HPRegen 1.03/turn    (no ring)
MPRegen 0.09/turn

%: guardian spirit
@: no status effects
A: fangs 2, regeneration 1, magic shield, antimagic bite, no potion heal 2
a: no special abilities


You were on level 3 of the Dungeon.
You visited 1 branch of the dungeon, and saw 3 of its levels.

You collected 202 gold pieces.

Inventory:

Hand Weapons
 a - a +0 rapier (weapon)
Armour
 b - a +0 scale mail (worn)
 c - a +0 buckler (worn)
Jewellery
 h - a ring of willpower (left hand)
 i - an amulet of magic regeneration
 m - an amulet of the acrobat
Scrolls
 e - a scroll of amnesia {unknown}
 f - a scroll of butterflies {unknown}
 g - a scroll of fog {unknown}
 k - a scroll of revelation {unknown}
 l - 5 scrolls of teleportation {unknown}
 n - a scroll of blinking {unknown}
 o - a scroll of noise {unknown}
 p - 2 scrolls of identify {unknown}
Potions
 d - a potion of might
 j - a potion of lignification {unknown}
 q - a potion of ambrosia {unknown}


   Skills:
 - Level 2.6 Fighting
 * Level 4.1 Short Blades
 - Level 2.4 Armour
 - Level 2.6 Shields


You had 3 spell levels left.
You didn't know any spells.
Your spell library contained the following spells:

 Spells                   Type           Power      Damage    Failure   Level
 Inner Flame              Hex/Fire       0%         N/A       99%         3
 Stone Arrow              Conj/Erth      0%         3d7       99%         3
 Animate Armour           Summ/Erth      0%         N/A       100%        4
 Irradiate                Conj/Alch      0%         3d11      100%        5
 Ignition                 Fire           0%         3d3       100%        8
 Lehudib's Crystal Spear  Conj/Erth      0%         10d2      100%        8


Dungeon Overview and Level Annotations

Branches:
Dungeon (3/15)

Altars:

Shops:
D:2 *


Innate Abilities, Weirdness & Mutations

You have extremely sharp teeth.
Your natural rate of healing is unusually fast.
When hurt, damage is shared between your health and your magic reserves.
Your bite disrupts and absorbs the magic of your enemies.
Potions cannot restore your health.


Message History

The gnoll barely misses you. x2
Things that are here:
a +2 flail of protection; a gnoll corpse Unknown command.
You hit the gnoll. You bite the gnoll. You drain its power.
You feel invigorated.
The gnoll is heavily wounded.
The gnoll hits you with a +0 club. You block the gnoll's attack.
You hit the gnoll. You bite the gnoll, but do no damage.
The gnoll is severely wounded.
The gnoll hits you with a +0 club.
* * * LOW HITPOINT WARNING * * *
The gnoll barely misses you.
You hit the gnoll.
The gnoll is almost dead.
The gnoll closely misses you. The gnoll barely misses you.
You hit the gnoll.
You kill the gnoll!
The gnoll barely misses you.
Your Short Blades skill increases to level 4!
The gnoll hits you with a +0 spear.
* * * LOW HITPOINT WARNING * * *
You see here a +0 halberd.
You hit the gnoll. Your bite misses the gnoll.
The gnoll is lightly wounded.
You block the gnoll's attack.
Unknown command.
You barely miss the gnoll.
The gnoll is lightly wounded.
The gnoll hits you with a +0 spear.
* * * LOW MAGIC WARNING * * *
* * * LOW HITPOINT WARNING * * *
You hit the gnoll.
The gnoll is moderately wounded.
The gnoll barely misses you.
Unknown command.
You hit the gnoll.
The gnoll is heavily wounded.
The gnoll hits you with a +0 spear.
You die...

#....<+... ...##...#
#.....##.. ........#
#.....###. ........###
####### ##
#........##########
##..(.....##.......#####
........#.##............
......g.#.##............
.|.....@..##............
.......))...####....####
............#.......#
..#.##..............# .
#.................#
.................#
................####
..................
...................


You could see a gnoll.

Vanquished Creatures
  3 gnolls (D:3)
  An adder (D:2)
  2 ribbon worms (D:2)
  3 ball pythons
  5 bats (D:1)
  8 endoplasms
  A giant cockroach (D:2)
  2 hobgoblins (D:1)
  2 quokkas (D:1)
  2 frilled lizards
  2 kobolds (D:1)
  3 rats
34 creatures vanquished.

Notes
Turn   | Place    | Note
-------+----------+-------------------------------------------
     0 | D:1      | lunkers the Vine Stalker Fighter began the quest for the
                  | Orb.
     0 | D:1      | Reached XP level 1. HP: 11/11 MP: 2/2
    52 | D:1      | Reached skill level 2 in Short Blades
   131 | D:1      | Reached XP level 2. HP: 16/16 MP: 1/3
   466 | D:1      | Reached skill level 3 in Short Blades
   527 | D:1      | You fall into a shaft and drop 1 floor!
   532 | D:2      | Reached XP level 3. HP: 19/19 MP: 4/4
   584 | D:2      | Found Neg Cir's Assorted Antiques.
  1229 | D:2      | Found a faded altar of an unknown god.
  1315 | D:3      | Reached XP level 4. HP: 5/23 MP: 2/5
  1324 | D:3      | Reached skill level 4 in Short Blades
  1328 | D:3      | Slain by a gnoll

Illustrated notes

Levels and vault maps discovered:
D:1:      tarquinn_simple_flora_water_f, layout_loops_cross,
          minmay_misc_feat_room
D:2:      layout_rooms, dreamdust_ecumenical_altar_hidden_monk_grotto,
          serial_shops, nicolae_shop_overgrown_old_shop
D:3:      layout_basic, fedhas_altar_2, lemuel_tele_altar,
          nemelex_dance_club_becter, mainiacjoe_overflow_alcove_4, st_stairs_9

Skill      XL: |  1  2  3  4 |
---------------+-------------+-----
Short Blades   | 2 3 4 |  4.1
Fighting       | |  2.6
Armour         | |  2.4
Shields        | |  2.6

Action                     |  1- 3 |  4- 6 || total
---------------------------+-------+-------++-------
  Melee: Rapier            |    86 |    12 ||    98
         Bite              |    18 |     3 ||    21
 Armour: Scale mail        |    42 |     8 ||    50
  Dodge: Dodged            |    33 |    13 ||    46
  Block: Buckler           |    29 |     4 ||    33

Table legend: (Time is in decaauts)
 A = Elapsed time spent in this place.
 B = Non-inter-level travel time spent in this place.
 C = Inter-level travel time spent in this place.
 D = Time resting spent in this place.
 E = Time spent auto-exploring this place.
 F = Levels seen in this place.
 G = Mean time per level.
                   A        B        C        D        E       F      G
               +--------+--------+--------+--------+--------+-----+--------+
         Total |   1335 |   1264 |     71 |      0 |   1025 |   3 |  445.0 |
       Dungeon |   1335 |   1264 |     71 |      0 |   1025 |   3 |  445.0 |
               +--------+--------+--------+--------+--------+-----+--------+

Top non-repeatable levels by time:
     D:1: 790 daAuts
     D:2: 481 daAuts
     D:3: 64 daAuts
